 Dungeon Crawl Stone Soup version 0.18-a0-1060-g4fac74f (webtiles) character file.

3513 Trivium the Covered (level 10, 0/71 HPs)
             Began as a Formicid Fighter on Jan 12, 2016.
             Was an Initiate of Okawaru.
             Slain by a killer bee (5 damage)
             ... on level 8 of the Dungeon.
             The game lasted 00:15:47 (7504 turns).

Trivium the Covered (Formicid Fighter)              Turns: 7504, Time: 00:15:48

Health: 0/71       AC: 10    Str: 25    XL:     10   Next: 28%
Magic:  1/1        EV: 18    Int:  8    God:    Okawaru [......]
Gold:   546        SH:  6    Dex: 19    Spells: 0 memorised, 9 levels left

rFire  + + .     SeeInvis +     q - +0 great mace (elec)
rCold  + + +     Gourm    .     z - +5 ring mail "Juud" {rF++ rC+++ MP-9}
rNeg   . . .     Faith    .     m - +0 buckler (curse)
rPois  .         Spirit   .     (helmet unavailable)
rElec  .         Dismiss  .     (no cloak)
rCorr  .         Reflect  .     h - +0 pair of gloves
SustAt .         Harm     .     (no boots)
MR     +....                    y - amulet of regeneration
Stlth  ++........               g - +3 ring of strength
                                i - +5 ring of slaying

@: agile, lethally poisoned (0 -> -2), somewhat resistant to hostile
enchantments, unstealthy
A: permanent stasis, dig shafts and tunnels, four strong arms, antennae 3, agile
1, deformed body, frail 1
a: Dig, Shaft Self, Renounce Religion


You were on level 8 of the Dungeon.
You worshipped Okawaru.
Okawaru was noncommittal.
You were not hungry.

You visited 2 branches of the dungeon, and saw 9 of its levels.

You collected 546 gold pieces.

Inventory:

Hand Weapons
 a - a +0 war axe
 q - a +0 great mace of electrocution (weapon)
 A - a +0 falchion
Armour
 c - a +0 shield
 h - a +0 pair of gloves (worn)
 k - a +2 chain mail of positive energy
 m - a cursed +0 buckler (worn)
 z - the +5 ring mail "Juud" (worn) {rF++ rC+++ MP-9}
   (You took it off an orc on level 5 of the Dungeon)

   It greatly protects you from fire.
   It renders you almost immune to cold.
   It affects your magic capacity (-9).
Jewellery
 e - an uncursed ring of positive energy {unknown}
 g - a +3 ring of strength (right hand)
 i - a +5 ring of slaying (left hand)
 j - an uncursed ring of fire
 v - a +2 ring of intelligence {unknown}
 y - an amulet of regeneration (around neck)
Wands
 b - a wand of cold (5/15)
 d - a wand of slowing (19/48)
 u - a wand of magic darts (23/48)
Scrolls
 s - 2 scrolls of brand weapon
 F - a scroll of recharging
 H - a scroll of identify
Potions
 l - a potion of flight
 n - a potion of resistance
 p - 2 potions of heal wounds
 w - a potion of magic
 C - 3 potions of degeneration
Books
 x - a book of the Earth

   Spells                             Type                      Level
   a - Leda's Liquefaction            Hexes/Earth                  4
   b - Bolt of Magma                  Conjuration/Fire/Earth       5
   c - Statue Form                    Transmutation/Earth          6
   d - Iron Shot                      Conjuration/Earth            6
   e - Shatter                        Earth                        9
 B - a Necronomicon

   Spells                             Type                      Level
   a - Haunt                          Necromancy/Summoning         7
   b - Borgnjor's Revivification      Necromancy                   8
   c - Death's Door                   Charms/Necromancy            8
   d - Necromutation                  Transmutation/Necromancy     8
Comestibles
 f - 5 bread rations
 o - a meat ration
 G - a beef jerky


   Skills:
 + Level 7.0 Fighting
 - Level 5.8(7.5) Axes
 * Level 7.4(8.3) Maces & Flails
 + Level 7.7 Armour
 + Level 3.6 Dodging
 + Level 0.3 Stealth
 + Level 6.4 Shields
 + Level 0.9 Evocations


You had 9 spell levels left.
You didn't know any spells.

Dungeon Overview and Level Annotations

Branches:
Dungeon (8/15)             Temple (1/1) D:5
   Lair: D:8-11

Altars:
Ashenzari
Cheibriados
Dithmenos
Fedhas
Gozag
Kikubaaqudgha
Makhleb
Nemelex Xobeh
Okawaru
Pakellas
Qazlal
Ru
Sif Muna
Vehumet
Xom
Yredelemnul
Zin
The Shining One

Shops:
D:4 %   D:7 %

Annotations:
D:4 Trivium's ghost, amateur FoFi


Innate Abilities, Weirdness & Mutations

You are under a permanent stasis effect.
You can dig through walls and to a lower floor.
Your four strong arms can wield two-handed weapons with a shield.
You have a pair of large antennae on your head (SInv).
You are agile. (Dex +2)
Armour fits poorly on your strangely shaped body.
You are frail (-10% HP).


Message History

You hit the killer bee.
The killer bee is moderately wounded.
The killer bee misses you. The killer bee stings you.
* * * LOW HITPOINT WARNING * * *
The killer bee stings you.
* * * LOW HITPOINT WARNING * * *
You are poisoned.
The killer bee poisons you!
The killer bee completely misses you. x2
You block the killer bee's attack.
You barely miss the killer bee.
The killer bee is moderately wounded.
You feel sick. The killer bee barely misses you. The killer bee stings you.
* * * LOW HITPOINT WARNING * * *
You are more poisoned.
The killer bee poisons you! The killer bee completely misses you.
The killer bee misses you. The killer bee barely misses you.
The killer bee stings you.
* * * LOW HITPOINT WARNING * * *
The killer bee completely misses you. The killer bee stings you.
You die... .# .# ...# .##...## #% ##..# .##....##y #.?.# .##....#y# ##...# ......... ....# ....|..y{ yyy#

.......# #yy#
.......# #@#
......##########y#
.##..{##.....y..y#
'##..>##..>....###
.##...##......##
..................
...........(......
...................
###################


You could see 7 killer bees.

Vanquished Creatures
  Pikel (D:7)
  Grinder (D:3)
  Eustachio (D:4)
  A hippogriff (D:8)
  An orc warrior (D:7)
  A sky beast (D:5)
  A black bear (D:7)
  2 ice beasts
  3 ogres
  A slave (D:7)
  The ghost of Trivium the Shield-Bearer, an amateur FoFi (D:3)
  A centaur (D:8)
  A crocodile (D:8)
  The ghost of chonchonts the Magician, an amateur DEFE (D:5)
  3 giant frogs
  3 killer bees (D:8)
  3 wights (D:7)
  2 crimson imps
  A quasit (D:8)
  A jelly (D:7)
  3 hounds
  3 giant frog skeletons
  6 orc priests
  A centaur skeleton (D:8)
  2 worker ants
  Natasha (thrice) (D:2)
  8 orc wizards
  A killer bee zombie (D:6)
  A hound skeleton (D:5)
  10 adders
  2 oozes
  2 worms
  3 giant geckos
  32 orcs
  2 giant cockroaches
  13 goblins
  8 hobgoblins
  12 jackals
  3 quokkas
  A ball python (D:2)
  4 bats
  A giant gecko skeleton (D:6)
  A giant newt (D:1)
  A jackal zombie (D:7)
  10 kobolds
  8 rats
171 creatures vanquished.

Notes
Turn   | Place    | Note
--------------------------------------------------------------
     0 | D:1      | Trivium the Formicid Fighter began the quest for the Orb.
     0 | D:1      | Reached XP level 1. HP: 18/18 MP: 1/1
   175 | D:1      | Reached XP level 2. HP: 24/24 MP: 2/2
   578 | D:2      | Reached XP level 3. HP: 29/29 MP: 3/3
   588 | D:2      | Reached skill level 4 in Shields
   633 | D:2      | Noticed Natasha
   642 | D:2      | Killed Natasha
   642 | D:2      | Reached XP level 4. HP: 14/37 MP: 4/4
  1042 | D:2      | Noticed Natasha
  1058 | D:2      | Killed Natasha
  1058 | D:2      | Reached XP level 5. HP: 22/42 MP: 5/5
  1141 | D:2      | Noticed Natasha
  1150 | D:2      | Killed Natasha
  1413 | D:3      | Noticed Grinder
  1451 | D:3      | Reached XP level 6. HP: 17/48 MP: 6/6
  1797 | D:3      | Noticed Trivium's ghost (amateur FoFi)
  1804 | D:3      | You fall through a shaft for 3 floors!
  1808 | D:5      | Entered Level 5 of the Dungeon
  1921 | D:5      | Noticed chonchonts's ghost (amateur DEFE)
  1925 | D:5      | Noticed a sky beast
  1935 | D:5      | Killed chonchonts's ghost
  1935 | D:5      | Reached skill level 1 in Dodging
  1939 | D:5      | Killed a sky beast
  1939 | D:5      | Reached skill level 5 in Armour
  2186 | D:5      | Reached XP level 7. HP: 55/55 MP: 7/7
  2250 | D:4      | Noticed Trivium's ghost (amateur FoFi)
  2260 | D:4      | HP: 1/55 [Trivium's ghost (9)]
  2515 | D:3      | You fall through a shaft for 3 floors!
  2798 | D:6      | Reached skill level 5 in Axes
  3140 | D:6      | Reached skill level 5 in Fighting
  3215 | D:6      | Reached XP level 8. HP: 49/62 MP: 8/8
  3987 | D:5      | Found a staircase to the Ecumenical Temple.
  4353 | D:5      | Got a slimy ring mail
  4389 | Temple   | Entered the Ecumenical Temple
  4842 | D:4      | You fall through a shaft for 2 floors!
  5260 | D:4      | Found Icumaseq's Food Shop.
  5267 | D:4      | Reached skill level 6 in Armour
  5321 | D:4      | Noticed Eustachio
  5340 | D:4      | Killed Eustachio
  5340 | D:4      | Reached skill level 1 in Maces & Flails
  5348 | D:4      | Found a shimmering altar of Xom.
  5349 | D:4      | Found a shimmering altar of Xom.
  5349 | D:4      | Found a shimmering altar of Xom.
  5350 | D:4      | Found a shimmering altar of Xom.
  5350 | D:4      | Found a shimmering altar of Xom.
  5542 | D:3      | Killed Grinder
  5542 | D:3      | Reached skill level 5 in Shields
  5591 | D:3      | Killed Trivium's ghost
  5919 | D:3      | Found a stormy altar of Qazlal.
  6157 | D:7      | Reached XP level 9. HP: 64/69 MP: 9/9
  6267 | D:7      | Noticed Pikel
  6280 | D:7      | Killed Pikel
  6280 | D:7      | Reached skill level 7 in Armour
  6289 | D:7      | Reached skill level 5 in Maces & Flails
  6899 | D:7      | Found Wyxto's Food Emporium.
  7056 | D:8      | Reached XP level 10. HP: 52/77 MP: 10/10
  7211 | D:8      | Found a glowing golden altar of the Shining One.
  7215 | D:8      | Found a snail-covered altar of Cheibriados.
  7251 | D:8      | Identified the +5 ring mail "Juud" {rF++ rC+++ MP-9} (You took it off an orc on level 5 of the Dungeon)
  7255 | D:8      | Found a radiant altar of Vehumet.
  7255 | D:8      | Found an iron altar of Okawaru.
  7260 | D:8      | Found a burning altar of Makhleb.
  7265 | D:8      | Became a worshipper of Warmaster Okawaru
  7488 | D:8      | Gained mutation: You are frail (-10% HP). [potion of mutation]
  7488 | D:8      | Gained mutation: Armour fits poorly on your strangely shaped body. [potion of mutation]
  7488 | D:8      | Gained mutation: You are agile. (Dex +2) [potion of mutation]
  7504 | D:8      | Slain by a killer bee

Vault maps used:
D:1:      mrwooster_arrival_statue_2
D:2:      first_bread, uniq_natasha
D:3:      nicolae_qazlal_eye_of_the_storm, eino_tiny_chamber, uniq_grinder
D:4:      serial_shops, nicolae_shop_trees, xom_redecorated, uniq_eustachio
D:7:      serial_shops, shop_fountains, uniq_pikel
D:8:      minitemple, david_nohive_1
Temple:   circular_temple_12

Action                   |  1- 3 |  4- 6 |  7- 9 | 10-12 || total
-------------------------+-------+-------+-------+-------++-------
Melee: War axe           |    45 |   105 |    98 |       ||   248
       Great mace        |       |       |   168 |    72 ||   240
 Abil: Shaft Self        |       |     1 |     1 |       ||     2
Evoke: Wand              |       |       |     4 |       ||     4
  Use: Scroll            |     1 |     2 |     6 |     2 ||    11
       Potion            |       |     6 |     2 |     5 ||    13
  Eat: Chunk             |       |     3 |     7 |     2 ||    12
       Meat ration       |       |       |     2 |       ||     2
